[Event "Late-Titled-Tuesday-Blitz-June-18-2024"]
[Site "Chess.com"]
[Date "2024.06.18"]
[Round "1"]
[White "Ykow"]
[Black "Bigfish1995"]
[Result "1/2-1/2"]
[WhiteElo "2536"]
[BlackElo "3099"]
[TimeControl "180+1"]
[EndTime "14:07:47 PDT"]
[Termination "Game drawn by repetition"]

1. e4 d6 2. d4 g6 3. Nc3 Bg7 4. f4 Nf6 5. Nf3 Nc6 6. h3 O-O 7. Be3 e5 8. fxe5 dxe5 9. d5 Nd4 10. Nxd4 exd4 11. Qxd4 Re8 12. e5 Nd7 13. O-O-O Nxe5 14. Qd2 a6 15. Kb1 Qd6 16. Ne4 Nc4 17. Nxd6 Nxd2+ 18. Bxd2 cxd6 19. Bf4 Be5 20. Re1 Bf5 21. Bxe5 Rxe5 22.
Rxe5 dxe5 23. Bc4 Rd8 24. Re1 f6 25. a4 h5 26. b4 Kf8 27. Kb2 Ke7 28. Bb3 b5 29. axb5 axb5 30. Ra1 Be4 31. Ra7+ Rd7 32. Ra5 Bxg2 33. Rxb5 Bxh3 34. c4 Bg2 35. Rb8 h4 36. Rh8 h3 37. c5 Bxd5 38. Rh7+ Ke6 39. Rxd7 Kxd7 40. Bxd5 f5 41. Bh1 e4 42. Kc3 g5 43.
Kd4 g4 44. b5 g3 45. Ke3 g2 46. Bxg2 hxg2 47. Kf2 f4 48. Kxg2 Kc7 49. Kf2 Kb7 50. Ke2 Kc7 51. Kf2 Kb7 52. Ke2 Kc7 53. Kf2 1/2-1/2

[Event "Late-Titled-Tuesday-Blitz-June-18-2024"]
[Site "Chess.com"]
[Date "2024.06.18"]
[Round "1"]
[White "SpeedofLight0"]
[Black "mightysmasher"]
[Result "1-0"]
[WhiteElo "3043"]
[BlackElo "2516"]
[TimeControl "180+1"]
[EndTime "14:07:47 PDT"]
[Termination "SpeedofLight0 won by checkmate"]

1. c4 e6 2. g3 d5 3. Bg2 Nf6 4.
Nf3 Be7 5. O-O O-O 6. b3 c5 7. Bb2 Nc6 8. cxd5 exd5 9. d4 Be6 10. Nc3 Rc8 11. dxc5 Bxc5 12. Na4 Be7 13. Rc1 Ne4 14. Nd4 Nxd4 15. Bxd4 b5 16. Nc3 Nxc3 17. Rxc3 Rxc3 18. Bxc3 Qc7 19. Qd3 Rc8 20. Ba1 Qc2 21. Qd4 Bf6 22. Qxa7 Bxa1 23. Rxa1 Qxe2 24. Qd4 h6 25. Bf1 Qf3 26. Bxb5 Rc2 27. Bf1 h5 28. a4 Qxb3 29. a5 Rc8 30. a6 h4 31. a7 Ra8 32. Qc5 hxg3 33. hxg3 d4 34. Bg2 Rxa7 35. Qxa7 d3 36. Qe3 Qb2 37. Rd1 Qc2 38. Qxd3 Qxd3 39. Rxd3 g5 40.
Re3 Kg7 41. Bf1 Kf6 42. Kg2 g4 43. Be2 Kg5 44. f3 gxf3+ 45. Bxf3 Bf5 46. Re5 f6 47. Ra5 Kg6 48. Kf2 Be6 49. Ke3 Bg8 50. Kf4 Bf7 51. Bh5+ Kg7 52. Ra7 Kh6 53. Bxf7 Kg7 54. Kf5 Kh6 55.
g4 Kg7 56. Bg6+ Kg8 57. Kxf6 Kh8 58. Ra8# 1-0

[Event "Late-Titled-Tuesday-Blitz-June-18-2024"]
[Site "Chess.com"]
[Date "2024.06.18"]
[Round "1"]
[White "Colombiano07"]
[Black "Skatchkov_V"]
[Result "0-1"]
[WhiteElo "2326"]
[BlackElo "2638"]
[TimeControl "180+1"]
[EndTime "14:07:49 PDT"]
[Termination "Skatchkov_V won by resignation"]

1. d4 g6 2. e4 Bg7 3. Nf3 d6 4. Nc3 c6 5. a4 Nd7 6. Be3 Qb6 7. Qd2 Ngf6 8. h3 d5 9. a5 Qxb2 10. Rb1 Qa3 11. Bd3 Qxa5 12. e5 Ng8 13. O-O e6 14.
Nb5 Qxd2 15. Nd6+ Kf8 16. Nxd2 b5 17. Ra1 a5 18. Nxc8 Rxc8 19. Rxa5 Ne7 20. Ra7 Nb6 21. Nb3 h5 22. Nc5 Bh6 23. Rb7 Nc4 24. Bxc4 dxc4 25.
Nd7+ Kg7 26. Nf6 Nd5 27. Nxd5 cxd5 28. Bxh6+ Rxh6 29. Ra1 Rhh8 30. Raa7 Rhf8 31. Rxb5 Rb8 32.
Rbb7 Rxb7 33. Rxb7 Ra8 34. Rb2 Ra1+ 35. Kh2 Rd1 36. c3 Rc1 37. Rd2 Rxc3 38. Kg1 g5 39. Kf1 Kg6 40. Ke2 Kf5 41. f3 Kf4 42. Kf2 h4 43. Ra2 Rd3 44. Ra7 Rxd4 45. Rxf7+ Kxe5 46. Rg7 c3 47. Rxg5+ Kf6 48. Rg8 c2 49. Rc8 Rc4 0-1

[Event "Late-Titled-Tuesday-Blitz-June-18-2024"]
[Site "Chess.com"]
[Date "2024.06.18"]
[Round "1"]
[White "MYMChessAcademy"]
[Black "RantomOpening"]
[Result "0-1"]
[WhiteElo "2231"]
[BlackElo "2608"]
[TimeControl "180+1"]
[EndTime "14:07:50 PDT"]
[Termination "RantomOpening won by checkmate"]

1. e4 b6 2. Nf3 Bb7 3. Nc3 e6 4. Be2 Bb4 5. d3 Nf6 6. Bd2 d5 7. e5 Nfd7 8. d4 O-O 9. a3 Be7 10. O-O c5 11. Nb5 Nc6 12. c3 a6 13. Nd6 Bxd6 14. exd6 Nf6 15. Ne5 Qxd6 16. Bf4 Qe7 17. Bd3 cxd4 18. cxd4 Rac8 19. Nxc6 Rxc6 20. Bg5 h6 21. Bf4 Rfc8 22. Qf3 Ne4 23. Bb1 f5 24. Rd1 a5 25. Bd3 Rf8 26. Bb5 Rc2 27. Be2 Rxb2 28. Bc1 Rc2 29. Qd3 Rxe2 30. Qxe2 Nc3 31. Qd3 Nxd1 32.
Qxd1 Rc8 33. Be3 Qf6 34. Qd2 Rc4 35. Rc1 f4 36. Bxf4 Qxd4 37. Rxc4 Qxd2 38. Bxd2 dxc4 39. Bc3 Kf7 40. Kf1 g6 41. f3 Ke7 42. Ke2 Kd6 43.
Ke3 e5 44. g3 g5 45. h4 Bc6 46. f4 exf4+ 47. gxf4 gxh4 48. Kf2 Kc5 49. f5 Bd5 50. f6 Be6 51. Kf3 h3 52. Kg3 h5 53. Kh2 h4 54. Kh1 Kb5 55. Kh2 Ka4 56. Bb2 b5 57. Kg1 b4 58. axb4 axb4 59. Bd4 c3 60. Kf1 c2 61.
Ke2 h2 62. Kd2 h1=Q 63. Kxc2 Qe4+ 64. Kd2 Qxd4+ 65. Ke2 Bg4+ 66. Ke1 Qe3+ 67. Kf1 Qe2+ 68. Kg1 h3 69. Kh1 Qg2# 0-1

[Event "Late-Titled-Tuesday-Blitz-June-18-2024"]
[Site "Chess.com"]
[Date "2024.06.18"]
[Round "1"]
[White "carokannlover213"]
[Black "pirulillo"]
[Result "0-1"]
[WhiteElo "2679"]
[BlackElo "2390"]
[TimeControl "180+1"]
[EndTime "14:07:51 PDT"]
[Termination "pirulillo won by checkmate"]

1. c4 Nf6 2. Nf3 g6 3. g3 Bg7 4. Bg2 O-O 5. O-O d6 6. d4 Bf5 7. Nh4 Bc8 8. Nf3 c6 9. Nc3 Qa5 10. e4 e5 11. d5 cxd5 12. cxd5 Bd7 13. Bg5 Rc8 14. Rc1 b5 15. a3 b4 16. axb4 Qxb4 17.
Qe2 a5 18. h4 Na6 19. Ne1 Bb5 20. Qf3 Bxf1 21. Bxf1 Nd7 22. Nd3 Qb7 23. Be7 Bf8 24.
Bxf8 Kxf8 25. h5 Nac5 26. Nxc5 Rxc5 27. Bh3 Kg7 28. Qe3 Nf6 29. h6+ Kf8 30. Qf3 Ke7 31. Rb1 Qb3 32. g4 Rac8 33. g5 Ne8 34. Bxc8 Rxc8 35. Rf1 Qxb2 36. Ne2 a4 37. Qg4 Rc7 38.
Ng3 a3 39. Qd1 a2 40. Kg2 Rc2 41. Qd3 a1=Q 42. Rxa1 Rxf2+ 43. Kh3 Rh2+ 44. Kg4 Qxa1 45. Qb5 Qd1+ 46. Ne2 Qxe2+ 47. Qxe2 Rxe2 48. Kf3 Ra2 49.
Kg3 f5 50. Kf3 fxe4+ 51. Ke3 Ra3+ 52. Kxe4 Ra4+ 53. Ke3 Nf6 54. Kf3 Nxd5 55. Kg3 e4 56.
Kf2 e3+ 57. Ke2 Ra2+ 58. Kf3 e2 59. Kf2 Ke6 60. Ke1 Ke5 61. Kf2 Ke4 62. Kg2 Nf4+ 63. Kg3 e1=Q+ 64. Kg4 Rg2# 0-1

[Event "Late-Titled-Tuesday-Blitz-June-18-2024"]
[Site "Chess.com"]
[Date "2024.06.18"]
[Round "1"]
[White "RebecaJimnz"]
[Black "dosto07"]
[Result "0-1"]
[WhiteElo "2289"]
[BlackElo "2623"]
[TimeControl "180+1"]
[EndTime "14:07:51 PDT"]
[Termination "dosto07 won on time"]

1. e4 e5 2. d4 exd4 3. Qxd4 Nc6 4. Qe3 Nf6 5. Nc3 Be7 6. Bd2 d5 7. O-O-O d4 8. Qe1 dxc3 9. Bxc3 Nd7 10. Bb5 O-O 11.
Bxc6 bxc6 12. Nf3 Re8 13. Ne5 Bd6 14. Nxc6 Qg5+ 15. Kb1 Bb7 16. h4 Qc5 17. Nd4 Bxe4 18. Qd2 Nb6 19. f3 Nc4 20. Qc1 Bb7 21. h5 Ne3 22. Rd3 Ba6 23. Rxe3 h6 24. Rxe8+ Rxe8 25. g4 Bb7 26. Nf5 Bf8 27. Qf4 Qd5 28. Rf1 Ba6 29.
Rc1 Re6 30. Qd4 Qxf3 31. Nxg7 c5 32. Qd8 Rb6 33. Nf5 Qxc3 34. Nxh6+ Kg7 35. Nf5+ Kh7 36.
Qxb6 axb6 37. bxc3 Be2 38. Re1 Bxg4 39. Ng3 Be6 40.
Rd1 Be7 41. Kb2 Kh6 42. a4 Bh4 43. Ne4 Kxh5 44. Nd6 Be7 45. Ne8 Kg6 46. Rf1 f5 47. c4 Bxc4 48. Nc7 Bxf1 0-1

[Event "Late-Titled-Tuesday-Blitz-June-18-2024"]
[Site "Chess.com"]
[Date "2024.06.18"]
[Round "1"]
[White "Rochachade"]
[Black "GrotBchess"]
[Result "0-1"]
[WhiteElo "2184"]
[BlackElo "2581"]
[TimeControl "180+1"]
[EndTime "14:07:51 PDT"]
[Termination "GrotBchess won on time"]

1. e4 c5 2. Nf3 e6 3. d4 cxd4 4. Nxd4 Nf6 5. Nc3 Nc6 6. Ndb5 Bc5 7. Bf4 O-O 8. Bd6 Qb6 9. Bxc5 Qxc5 10. Qd6 Qg5 11.
Qg3 Qh6 12. Bd3 a6 13. Nd6 b5 14. O-O Nh5 15. Qh3 e5 16. Nxc8 Raxc8 17. Ne2 d6 18. a3 Qg6 19. Rad1 Qg5 20. g3 Rfd8 21. c3 Ne7 22. a4 bxa4 23. Bxa6 Rb8 24. Rb1 Ng6 25. Qf5 Qxf5 26. exf5 Ne7 27. Rfd1 Nf6 28. f4 Nxf5 29. fxe5 dxe5 30. Rxd8+ Rxd8 31. Bb5 Ra8 32. Ra1 Rb8 33. Bxa4 Rxb2 34. Nc1 g6 35. Nd3 Re2 36. Re1 Ra2 37. Bb3 Ra3 38. Nc5 e4 39. Kg2 h5 40. Kh3 Kg7 41. Bd1 Rxc3 42. Nxe4 Nxe4 43. Rxe4 h4 44. Bg4 hxg3 45. hxg3 Rxg3+ 46. Kh2 Rc3 47. Bxf5 gxf5 48.
Rf4 Kf6 49. Rf1 Ke5 50. Kg2 f4 51. Ra1 Kf5 52. Kf2 Kg4 53. Ra7 Rc2+ 54. Ke1 Kf3 55.
Ra3+ Kg4 56. Ra7 Kg3 57. Rxf7 Rc1+ 58. Ke2 Rc2+ 59. Ke1 Kf3 60. Ra7 Rb2 61. Ra3+ Kg4 62. Ra8 Kg3 63. Rg8+ Kf3 64. Ra8 Rb1+ 65. Kd2 Kf2 66. Kc2 Re1 67. Rf8 f3 68. Kd2 Re7 69.
Kd1 Rd7+ 70. Kc2 Kg2 71. Rg8+ Kf1 72. Rf8 f2 73. Rf7 Rxf7 0-1

[Event "Late-Titled-Tuesday-Blitz-June-18-2024"]
[Site "Chess.com"]
[Date "2024.06.18"]
[Round "1"]
[White "pompey831"]
[Black "TigrVShlyape"]
[Result "1/2-1/2"]
[WhiteElo "2518"]
[BlackElo "2996"]
[TimeControl "180+1"]
[EndTime "14:07:53 PDT"]
[Termination "Game drawn by agreement"]

1. d4 d5 2. c4 c6 3. Nf3 Nf6 4.
e3 g6 5. Nc3 Bg7 6. Bd3 O-O 7.
O-O a6 8. b3 Bg4 9. Bb2 e6 10. h3 Bxf3 11. Qxf3 Nbd7 12. Rfd1 Qb8 13. Bf1 Rd8 14. Rac1 Nb6 15. g3 Nc8 16. Bg2 Nd6 17.
Qe2 b5 18. cxd5 cxd5 19. Qe1 a5 20. Ne2 b4 21. Nf4 Nb5 22. Nd3 Ne4 23. Bxe4 dxe4 24.
Nc5 Nd6 25. Qf1 Ra7 26. Rc2 h5 27. Rcd2 Qa8 28. Ba1 Qd5 29. Na4 Rc7 30. Rc1 Rdc8 31. Rdd1 Rxc1 32. Rxc1 Qb7 33. Rxc8+ Qxc8 34. Nc5 f5 35.
Bb2 Kf7 36. a3 bxa3 37. Bxa3 Qc6 38. h4 Bf6 39. Bc1 e5 40. Bb2 exd4 41. exd4 Qb5 42. Qd1 Nb7 43. Ba3 Nxc5 44. Bxc5 Qd3 45. Qe1 Bxd4 46. Bxd4 Qxd4 47. Qxa5 Qd1+ 48. Kg2 Qxb3 49. Qc7+ Kg8 50. Qd8+ Kg7 51. Qd4+ Kg8 52. Qd8+ Kg7 53. Qe7+ Qf7 54. Qe5+ Qf6 55. Qc7+ Kh6 56. Qf4+ g5 57. hxg5+ Qxg5 58. Qd6+ Qg6 59. Qf4+ Kh7 60. Qc7+ Qg7 61.
Qf4 Qf6 62. Kh3 Kg6 63. Qb8 Qe6 64. Kg2 e3 65. Qa7 e2 1/2-1/2

[Event "Late-Titled-Tuesday-Blitz-June-18-2024"]
[Site "Chess.com"]
[Date "2024.06.18"]
[Round "1"]
[White "schondeln"]
[Black "Bykov_Egor"]
[Result "0-1"]
[WhiteElo "2353"]
[BlackElo "2657"]
[TimeControl "180+1"]
[EndTime "14:07:53 PDT"]
[Termination "Bykov_Egor won by resignation"]

1. e4 c6 2. Nc3 d5 3. Nf3 Bg4 4. h3 Bxf3 5. Qxf3 e6 6. Be2 Nd7 7. d4 dxe4 8. Nxe4 Ngf6 9. c3 Nxe4 10. Qxe4 Nf6 11. Qc2 Be7 12. O-O O-O 13. Bf3 Rc8 14.
Re1 Qb6 15. Bf4 c5 16. dxc5 Bxc5 17. Rad1 Rfd8 18. Bg5 Be7 19. a3 h6 20. Bf4 a5 21.
Rxd8+ Rxd8 22. Rd1 Rxd1+ 23. Bxd1 Nd5 24. Bc1 Qc5 25. Bf3 b5 26. Qd3 Nb6 27. Be3 Qc4 28. Qd2 Qc7 29. Be2 Nc4 30. Bxc4 bxc4 31. Bd4 f5 32.
Qe2 Qc6 33. Qe5 Bf8 34. h4 a4 35. h5 Qd5 36. Qb8 Qc6 37. f3 Kf7 38. Qa7+ Be7 39.
Bxg7 Qc5+ 40. Qxc5 Bxc5+ 41. Bd4 Bd6 42. Be3 Kg7 43.
g3 Bxg3 44. Kg2 Bd6 45. Kf2 Bf8 46. Bf4 Kf6 47. Ke3 e5 48. Bh2 Bc5+ 49. Ke2 f4 50. Kf1 Kg5 51. Bg1 Bxg1 52. Kxg1 Kxh5 53. Kg2 Kg5 54. Kh2 Kf5 55. Kg2 e4 56. Kh2 e3 57.
Kg2 h5 58. Kf1 h4 59. Ke2 h3 0-1

[Event "Late-Titled-Tuesday-Blitz-June-18-2024"]
[Site "Chess.com"]
[Date "2024.06.18"]
[Round "1"]
[White "Zhigalko_Sergei"]
[Black "Manukyan_Artak"]
[Result "1-0"]
[WhiteElo "2977"]
[BlackElo "2502"]
[TimeControl "180+1"]
[EndTime "14:07:54 PDT"]
[Termination "Zhigalko_Sergei won by checkmate"]

1. e4 c6 2. d4 d5 3. e5 Bf5 4.
Nf3 e6 5. Be2 c5 6. Be3 Qb6 7.
Nc3 Qxb2 8. Qb1 Qxb1+ 9. Rxb1 Bxc2 10. Rxb7 c4 11. Nb5 Na6 12. O-O Nh6 13. Rc1 Bg6 14. Bd1 Be7 15. Ba4 Kf8 16. Bd2 Nf5 17. g4 Nh4 18. Nxh4 Bxh4 19. Nd6 Be7 20. Bb5 Nb8 21.
Bb4 a5 22. Bc5 h5 23. g5 Na6 24. Bxa6 Kg8 25. Rxe7 Rxa6 26. a4 h4 27. f4 Kh7 28.
Rb7 Raa8 29. Kf2 Rhb8 30. Rb5 Bd3 31. Ke3 Kg6 32. Kd2 h3 33. Rg1 Rh8 34. Ke3 Bc2 35. Rb7 Bxa4 36. Rxf7 Rab8 37. f5+ exf5 38. Re7 Rb3+ 39. Kf2 Rhb8 40. Re6+ Kh7 41. g6+ Kh6 42. Nxf5+ Kh5 43. Nxg7+ Kh6 44. Nf5+ Kh5 45. g7 Rb2+ 46.
Kf3 R8b3+ 47. Ne3 Rg2 48. Rxg2 Rxe3+ 49. Kxe3 hxg2 50. g8=Q g1=Q+ 51. Qxg1 c3 52. Be7 Bc2 53. Qg5# 1-0

[Event "Late-Titled-Tuesday-Blitz-June-18-2024"]
[Site "Chess.com"]
[Date "2024.06.18"]
[Round "1"]
[White "chessbaerchen"]
[Black "Kavyev_Ruslan"]
[Result "0-1"]
[WhiteElo "2684"]
[BlackElo "2398"]
[TimeControl "180+1"]
[EndTime "14:07:55 PDT"]
[Termination "Kavyev_Ruslan won by resignation"]

1. e4 c6 2. d4 d5 3. Nc3 dxe4 4.
Nxe4 Nf6 5. Nxf6+ exf6 6. c3 Bd6 7. Bd3 Na6 8. Ne2 Nc7 9. O-O h5 10. Bf4 Kf8 11. Re1 g6 12. Qd2 Kg7 13. Ng3 Nd5 14. Bxd6 Qxd6 15. Ne4 Qc7 16. c4 Nf4 17. Bf1 Bf5 18.
Ng3 Be6 19. Rac1 Rad8 20. Ne4 g5 21. Qe3 Qb6 22. Nc5 Qxb2 23. g3 Nh3+ 24. Bxh3 Bxh3 25. d5 cxd5 26. Rb1 Qxa2 27. Nxb7 Rde8 28. Qd4 Qxc4 29. Qxa7 Qg4 30. Qa3 Re6 31. Nc5 Rxe1+ 32. Rxe1 Rc8 33. Nb7 d4 34. Nd6 Rd8 35. Ne4 Qf5 36. Qd3 Bg4 37. Kg2 Bh3+ 38. Kg1 Bg4 39. Kg2 h4 40. f3 h3+ 41. Kf2 Bh5 42. Rd1 Re8 43. Qxd4 Qxf3+ 44. Kg1 Qxd1+ 45. Qxd1 Bxd1 46. Nc3 Bf3 47.
Kf2 Bc6 48. Nd1 Kg6 49. Ne3 Rxe3 50. Kxe3 f5 51. Kf2 f6 52. Ke3 g4 53. Kf4 Bd5 54. Ke3 Kg5 55. Kf2 f4 56. Ke2 fxg3 57. hxg3 f5 58. Kf2 f4 59. gxf4+ Kxf4 60. Kg1 g3 61. Kf1 h2 62. Ke2 h1=Q 63. Kd3 Qe4+ 0-1

[Event "Late-Titled-Tuesday-Blitz-June-18-2024"]
[Site "Chess.com"]
[Date "2024.06.18"]
[Round "1"]
[White "ACollins05"]
[Black "DeTimmerman"]
[Result "0-1"]
[WhiteElo "2409"]
[BlackElo "2736"]
[TimeControl "180+1"]
[EndTime "14:07:56 PDT"]
[Termination "DeTimmerman won by checkmate"]

1. d4 Nf6 2. c4 c5 3. d5 b5 4. cxb5 a6 5. bxa6 g6 6. Nc3 Bxa6 7. e4 Bxf1 8. Kxf1 d6 9. Nf3 Bg7 10. g3 O-O 11. Kg2 Nfd7 12. a4 Qa5 13. Bd2 Qb4 14. Qe2 Nb6 15. Rhb1 N8d7 16. Nb5 Qc4 17. Qxc4 Nxc4 18. Bc3 Bxc3 19. Nxc3 Rfb8 20. b3 Na5 21. Nd2 Rb4 22. Nb5 Nb6 23. f3 f5 24. Rb2 c4 25.
Rc1 cxb3 26. Nc3 Rb8 27. Rbb1 Nxa4 28. Nxa4 Rxa4 29. Rc7 Ra2 30. Rd1 fxe4 31. fxe4 Rc2 32. Rxc2 bxc2 33. Rc1 Rc8 34. Kf3 Rc3+ 35. Ke2 Kg7 36. h4 Kf6 37. Rf1+ Ke5 38. Nf3+ Kxe4 39. Nd2+ Kxd5 40. Rc1 e5 41. g4 e4 42. h5 Ke5 43. h6 d5 44. g5 d4 45. Ke1 Kf4 46.
Ke2 e3 47. Rf1+ Kg4 48. Rg1+ Kf5 49. Rf1+ Ke6 50. Rf6+ Ke7 51. Rxg6 hxg6 52. h7 Rc8 53. Ne4 c1=Q 54. Ng3 Qd2+ 55. Kf3 Qf2+ 56. Kg4 Qxg3+ 57. Kxg3 Rf8 58. Kg2 d3 59. Kg3 d2 60. Kg2 d1=Q 61.
h8=Q Rxh8 62. Kg3 Rf8 63. Kg2 e2 64. Kh3 e1=Q 65. Kg2 Qg4+ 66. Kh2 Qeg1# 0-1

[Event "Late-Titled-Tuesday-Blitz-June-18-2024"]
[Site "Chess.com"]
[Date "2024.06.18"]
[Round "1"]
[White "zenitushka"]
[Black "Abund"]
[Result "1-0"]
[WhiteElo "2395"]
[BlackElo "2685"]
[TimeControl "180+1"]
[EndTime "14:07:56 PDT"]
[Termination "zenitushka won by checkmate"]

1. d4 d5 2. e4 dxe4 3. Nc3 Nf6 4. f3 exf3 5. Nxf3 c6 6. Bc4 Bf5 7. O-O e6 8. Ng5 Bg6 9. Bxe6 fxe6 10. Nxe6 Qd7 11.
Bg5 Qxe6 12. Bxf6 Kd7 13. d5 cxd5 14. Nxd5 Bd6 15. Bxg7 Rd8 16. Rf6 Qe4 17. Nb6+ Ke8 18. Rxd6 Rxd6 19. Qxd6 axb6 20. Qf8+ Kd7 21. Rd1+ Kc6 22. Qd6+ Kb5 23. Rd5+ Qxd5 24. Qxd5+ Ka6 25. Qd8 Ka7 26. Bd4 Nd7 27. Qxd7 Re8 28. Qc7 Re6 29. a4 Rc6 30. Qd8 Be4 31. c3 Rg6 32. g3 h5 33. a5 h4 34. Bxb6+ Ka6 35. Qxh4 Bc6 36. Qc4+ Bb5 37. Qc5 Bc6 38. b4 Rg5 39. Qxg5 Bd5 40.
h4 Bc4 41. h5 Bd5 42. h6 Bc4 43. Bc7 b5 44. Qc5 Kb7 45. Qb6+ Ka8 46. h7 Bg8 47. hxg8=R# 1-0

[Event "Late-Titled-Tuesday-Blitz-June-18-2024"]
[Site "Chess.com"]
[Date "2024.06.18"]
[Round "1"]
[White "SRob2003"]
[Black "ALRS-SPS"]
[Result "0-1"]
[WhiteElo "2709"]
[BlackElo "2416"]
[TimeControl "180+1"]
[EndTime "14:07:58 PDT"]
[Termination "ALRS-SPS won by checkmate"]

1. e4 d6 2. d4 Nf6 3. Nc3 g6 4. g3 Bg7 5. Bg2 O-O 6. Nge2 e5 7. h3 Nc6 8. Be3 exd4 9. Nxd4 Bd7 10. O-O Nxd4 11. Bxd4 Bc6 12. Qd3 Re8 13. Rfe1 Qd7 14. Rad1 Nh5 15. Bxg7 Nxg7 16. f4 Rad8 17. Ne2 Ne6 18.
b4 a5 19. a3 axb4 20. axb4 Ba4 21. f5 Nf8 22. Nd4 c5 23. Nf3 cxb4 24. Nd4 Rc8 25.
Kh2 Qc7 26. Re2 Qc3 27. Rb1 Rc7 28. Qxc3 bxc3 29. g4 Nd7 30. Rb4 Bc6 31. Rc4 Ne5 32. Rxc3 Rcc8 33. Kg3 f6 34. h4 Kg7 35. g5 h6 36. Ne6+ Kf7 37. gxh6 gxf5 38. exf5 Rg8+ 39. Kh2 Bxg2 40. Rb3 Bf3 41. Rd2 Ng4+ 42. Kh3 Bc6 43. Rxd6 Ne5 44. Re3 Rg1 45. Kh2 Rg2+ 46. Kh3 Rcg8 47.
Nf4 Rg1 48. Ng6 Nxg6 49. fxg6+ Kxg6 50. h7 Rh1+ 51. Kg3 Kxh7+ 52. Kf4 Rf1+ 53. Rf3 Rxf3# 0-1

[Event "Late-Titled-Tuesday-Blitz-June-18-2024"]
[Site "Chess.com"]
[Date "2024.06.18"]
[Round "1"]
[White "SchmakAttack"]
[Black "Charodej1"]
[Result "1-0"]
[WhiteElo "2824"]
[BlackElo "2463"]
[TimeControl "180+1"]
[EndTime "14:08:00 PDT"]
[Termination "SchmakAttack won by resignation"]

1. e4 c6 2. Nf3 d5 3. d3 dxe4 4. dxe4 Qxd1+ 5. Kxd1 Bg4 6. Be2 Nd7 7. Nfd2 Bxe2+ 8.
Kxe2 Ngf6 9. f3 g5 10. a4 Rg8 11.
Na3 a5 12. Nac4 e6 13. e5 Nd5 14. Ne4 Be7 15. b3 f5 16. exf6 N7xf6 17. Ned6+ Kd7 18. Nxb7 Nf4+ 19. Kf1 Kc7 20. Nbxa5 N4d5 21. Bd2 g4 22. Ne5 gxf3 23. gxf3 Bb4 24. Nac4 Raf8 25. Rg1 Nh5 26. Rxg8 Rxg8 27. Bxb4 Nxb4 28. c3 Nd5 29. Rc1 Nhf4 30. Ng4 h5 31. Nge3 Nf6 32. a5 Nd3 33. Rd1 Nc5 34. b4 Ncd7 35. a6 Ra8 36. Ra1 Nd5 37. Nxd5+ exd5 38. Ne3 Ne5 39. Ke2 Rf8 40. a7 Kb7 41. Nf5 Ra8 42. Ng3 h4 43. Nf5 Rxa7 44. Rxa7+ Kxa7 45. Nxh4 Kb6 46. Nf5 Kb5 47. Nd6+ Kb6 48.
h4 Kc7 49. Nf5 Nf7 50. Ke3 Kd7 51. Kf4 Ke6 52. Nd4+ Kd6 53. h5 Ne5 54. h6 Ng6+ 55. Kf5 Ne5 56. h7 1-0

[Event "Late-Titled-Tuesday-Blitz-June-18-2024"]
[Site "Chess.com"]
[Date "2024.06.18"]
[Round "1"]
[White "farzadbfd"]
[Black "JCVanDamme10"]
[Result "1-0"]
[WhiteElo "2712"]
[BlackElo "2386"]
[TimeControl "180+1"]
[EndTime "14:08:01 PDT"]
[Termination "farzadbfd won by resignation"]

1. e4 c5 2. Nc3 e6 3. Nge2 a6 4. g3 Nc6 5. Bg2 g6 6. O-O Bg7 7. d3 Nge7 8. Be3 Nd4 9. Qd2 O-O 10. Nd1 d5 11. c3 Nxe2+ 12. Qxe2 d4 13. Bd2 Nc6 14.
c4 b5 15. b3 Bb7 16. f4 Re8 17.
e5 Rb8 18. Nf2 Ne7 19. Bxb7 Rxb7 20. Ne4 Rb8 21. Nxc5 bxc4 22. dxc4 a5 23. Qd3 Nc6 24. Rfd1 f6 25. exf6 Bxf6 26. Ne4 Bg7 27. c5 Qd5 28. Rac1 h6 29. Nd6 Rf8 30. Qxg6 e5 31. Qe4 Qxe4 32. Nxe4 exf4 33. Bxf4 Nb4 34. Bxb8 Rxb8 35. c6 Rc8 36. Nd6 Rxc6 37. Rxc6 Nxc6 38. Nf5 Bf8 39. Kg2 h5 40. Nxd4 Nb4 41. a4 Nd5 42. Re1 Bb4 43. Re5 Nf6 44. Nc6 Bc3 45. Rg5+ Kf7 46. Nxa5 Bd2 47.
Rb5 Ke6 48. Nc4 Bc3 49. a5 Nd5 50. a6 Nc7 51. a7 Nxb5 52. a8=Q Nd4 53. Qe4+ Kf6 54.
Qd3 Nb5 55. Nd6 Nxd6 56. Qxd6+ Kf5 57. Qd3+ 1-0

[Event "Late-Titled-Tuesday-Blitz-June-18-2024"]
[Site "Chess.com"]
[Date "2024.06.18"]
[Round "1"]
[White "Grischuk"]
[Black "Barboval"]
[Result "1-0"]
[WhiteElo "3128"]
[BlackElo "2529"]
[TimeControl "180+1"]
[EndTime "14:08:05 PDT"]
[Termination "Grischuk won on time"]

1. d4 Nf6 2. c4 e6 3. Bg5 Bb4+ 4.
Nd2 h6 5. Bh4 c5 6. a3 Bxd2+ 7.
Qxd2 cxd4 8. Nf3 Nc6 9. Nxd4 O-O 10. e3 b6 11. f3 Bb7 12. Nb5 d5 13. cxd5 Qxd5 14.
Rd1 Qxd2+ 15. Rxd2 Rfd8 16. Nd6 Rab8 17. e4 Ba8 18. Bb5 g5 19. Bf2 Ne8 20. Nxe8 Rxd2 21. Kxd2 Rxe8 22. Rc1 Rd8+ 23. Ke2 Rd6 24. Bg3 e5 25. Bxc6 Rxc6 26. Rd1 Rc2+ 27. Kf1 Bc6 28. Bxe5 Bb5+ 29. Kg1 a6 30. h3 Kh7 31. Bc3 Bc4 32. Rd6 b5 33. Rd1 Kg6 34. Rd6+ Kh7 35. Be5 Rc1+ 36. Kh2 Bf1 37. Rd2 Kg6 38. g4 Kh7 39. Kg3 Bc4 40. h4 Rg1+ 41. Kf2 Rf1+ 42. Kg3 Rg1+ 43. Kh2 Rf1 44. hxg5 hxg5 45. Kg2 Rb1 46. Bc3 Rc1 47. Rd8 Rc2+ 48. Kg1 Rc1+ 49. Kf2 Rc2+ 50. Kg3 Kg6 51. Rd6+ Kh7 52. Rd8 1-0

[Event "Late-Titled-Tuesday-Blitz-June-18-2024"]
[Site "Chess.com"]
[Date "2024.06.18"]
[Round "1"]
[White "KarlEmilElmer"]
[Black "Slovak_fighter2000"]
[Result "0-1"]
[WhiteElo "2181"]
[BlackElo "2584"]
[TimeControl "180+1"]
[EndTime "14:08:05 PDT"]
[Termination "Slovak_fighter2000 won by checkmate"]

1. d4 Nf6 2. c4 c5 3. d5 b5 4.
cxb5 a6 5. e3 e6 6. Nc3 axb5 7.
dxe6 fxe6 8. Bxb5 Be7 9. Nf3 O-O 10. O-O d5 11. b3 Bd7 12. Bb2 Nc6 13. Bxc6 Bxc6 14.
Ne5 Be8 15. Ne2 Bh5 16. Qc2 Bd6 17. Nf4 Qe8 18. Ned3 Rc8 19. h3 c4 20. bxc4 Rxc4 21. Qb3 Ne4 22. Qb7 Bf7 23. Rac1 Qb8 24. Qxb8 Rxb8 25. Rxc4 dxc4 26. Be5 cxd3 27. Bxd6 Nxd6 28. Rd1 e5 29. Nxd3 Nc4 30. Rc1 h6 31. e4 Ra8 32.
Nb4 Ra4 33. Nd5 Bxd5 34. exd5 Kf8 35. Re1 Ke7 36. f4 Kd6 37. fxe5+ Nxe5 38. Rd1 Rxa2 39.
Kh2 Ra5 40. Rb1 Rxd5 41. Rb7 Nd7 42. Ra7 Rc5 43. Ra6+ Rc6 44. Ra4 Ke7 45. Rf4 Rf6 46. Rd4 Ne5 47. Rd5 Ng6 48. Ra5 Kf7 49. Ra7+ Kg8 50. Ra8+ Kh7 51. Ra7 Nh4 52. Ra4 g5 53.
Ra5 Rf2 54. Ra7+ Kg6 55. Kh1 Nxg2 56. Ra6+ Kh5 57. Ra4 Nf4 58. Kg1 Nxh3+ 59. Kh1 Nf4 60. Ra3 g4 61. Rg3 Kh4 62. Ra3 g3 63. Rb3 Rf1# 0-1

[Event "Late-Titled-Tuesday-Blitz-June-18-2024"]
[Site "Chess.com"]
[Date "2024.06.18"]
[Round "1"]
[White "FerAsensio2024"]
[Black "rasmussvane"]
[Result "1/2-1/2"]
[WhiteElo "2514"]
[BlackElo "2978"]
[TimeControl "180+1"]
[EndTime "14:08:06 PDT"]
[Termination "Game drawn by repetition"]

1. d4 d5 2. Nc3 Nf6 3. Bf4 c5 4. e4 Nxe4 5. Nxe4 dxe4 6. dxc5 Qa5+ 7. c3 Qxc5 8. Qa4+ Nc6 9. Qxe4 g6 10. Nf3 Bg7 11.
Rd1 Qb6 12. Rd2 Bf5 13. Qe3 Qa5 14. Bc4 O-O 15. O-O Rac8 16. Bb3 Rfd8 17. Rfd1 Bg4 18. h3 Bxf3 19. Qxf3 e6 20. Rxd8+ Rxd8 21. Rxd8+ Qxd8 22. Qd1 Qc8 23. Qd6 Bf8 24. Qc7 Qxc7 25. Bxc7 Bh6 26.
Ba4 Kf8 27. Bxc6 bxc6 28. Bd6+ Ke8 29. c4 Kd7 30. Bc5 a6 31. Kf1 e5 32. Ke2 f5 33.
f3 Ke6 34. Kd3 Bg5 35. a4 Bd8 36. b3 h5 37. b4 Bc7 38. b5 cxb5 39. cxb5 axb5 40.
axb5 Kd5 41. Bf2 e4+ 42. fxe4+ fxe4+ 43. Ke2 Bd8 44. Kd2 Bf6 45. Ke2 Bd8 46. Kd2 Ba5+ 47. Ke2 Bc7 48. g4 hxg4 49. hxg4 Bf4 50. Be3 Be5 51.
Bf2 Bf4 52. Be3 Bd6 53. Bf2 Bb8 54. Be3 Be5 55. Bg1 Bf4 56. Be3 1/2-1/2

[Event "Late-Titled-Tuesday-Blitz-June-18-2024"]
[Site "Chess.com"]
[Date "2024.06.18"]
[Round "1"]
[White "HandKnit"]
[Black "dretch"]
[Result "0-1"]
[WhiteElo "2477"]
[BlackElo "2848"]
[TimeControl "180+1"]
[EndTime "14:08:06 PDT"]
[Termination "dretch won by resignation"]

1. c4 c6 2. Nc3 d5 3. cxd5 cxd5 4.
d4 Bf5 5. Bf4 e6 6. e3 Nc6 7.
Nf3 Bd6 8. Bxd6 Qxd6 9. Qb3 Nge7 10. Be2 O-O 11. O-O Bg4 12. h3 Bxf3 13. Bxf3 Na5 14. Qc2 Rac8 15. Rac1 Qb4 16. Qe2 Rfd8 17. Rfd1 Rc4 18.
Qd2 Rdc8 19. Be2 R4c6 20. Bd3 Nc4 21. Bxc4 Rxc4 22. Qc2 g6 23. Qb3 Qxb3 24. axb3 Rb4 25. Na4 Rxb3 26. Rxc8+ Nxc8 27. Rc1 Nd6 28. Rc7 Rb4 29.
Nc5 Rxb2 30. Rd7 Ne4 31. Nxb7 Rb1+ 32. Kh2 Nxf2 33. Nd6 Rh1+ 34. Kg3 Rf1 35. Rxa7 h5 36. h4 Ng4 37. Ra3 Kg7 38. Rd3 f5 39. Ra3 Nxe3 40. Ra7+ Kf8 41. Rf7+ Kg8 42. Rf6 Kg7 43. Rf7+ Kh6 44.
Rf6 Ng4 45. Rf8 e5 46. dxe5 Nxe5 47. Kh3 Kg7 48. Re8 f4 49. g3 f3 50. g4 Nxg4 51. Kg3 f2 52. Re7+ Kg8 53. Re8+ Kg7 54. Re7+ Kf6 55.
Rf7+ Ke6 56. Rxf2 Rxf2 57. Ne4 dxe4 0-1